 Dungeon Crawl Stone Soup version 0.16.1-4-g8e1b745 (console) character file.

2 gw the Digger (level 1, 0/10 HPs)
             Began as a Kobold Earth Elementalist on Mar 27, 2015.
             Slain by a jackal (1 damage)
             ... on level 1 of the Dungeon.
             The game lasted 00:00:13 (118 turns).

gw the Digger (Kobold Earth Elementalist)            Turns: 118, Time: 00:00:13

Health: 0/10       AC:  2    Str:  6    XL:     1   Next: 33%
Magic:  1/3        EV: 15    Int: 13    God:
Gold:   0          SH:  0    Dex: 16    Spells: 1 memorised, 3 levels left

rFire  . . .     SeeInvis .     (no weapon)
rCold  . . .     Clarity  .     c - +0 robe
rNeg   . . .     SustAb   .     (no shield)
rPois  .         Gourm    .     (no helmet)
rElec  .         Spirit   .     (no cloak)
rCorr  .         Warding  .     (no gloves)
rMut   .         Stasis   .     (no boots)
MR     .....                    (no amulet)
Stlth  ++........               (no ring)
                                (no ring)

@: not resistant to hostile enchantments, unstealthy
A: carnivore 3
a: no special abilities


You were on level 1 of the Dungeon.
You were not hungry.

You visited 1 branch of the dungeon, and saw 1 of its levels.

Inventory:

Armour
 c - a +0 robe (worn)
Potions
 e - a potion of curing {unknown}
Books
 d - a book of Geomancy

   Spells                             Type                      Level
   a - Sandblast                      Earth                        1
   b - Stoneskin                      Transmutation/Earth          2
   c - Passwall                       Transmutation/Earth          3
   d - Stone Arrow                    Conjuration/Earth            3
   e - Petrify                        Transmutation/Earth          4
   f - Lee's Rapid Deconstruction     Earth                        5
Comestibles
 a - a meat ration


   Skills:
 + Level 0.0 Fighting
 + Level 2.4 Dodging
 - Level 2.6 Stealth
 * Level 2.1 Spellcasting
   Level 0.8 Transmutations
 + Level 3.0 Earth Magic


You had 3 spell levels left.
You knew the following spells:

 Your Spells              Type           Power        Failure   Level  Hunger
a - Sandblast             Erth           #.....       10%         1    ##.....


Dungeon Overview and Level Annotations

Branches:
Dungeon (1/15)

Altars:


Innate Abilities, Weirdness & Mutations

You are small and have problems with some larger weapons.
You are carnivorous and can eat meat at any time.


Message History

Unknown command.
Unknown command.
MOVING TO (8,1)
The jackal misses you.
You see here 19 stones.
Unknown command.
Unknown command.
Unknown command.
MOVING TO (7,1)
Found two items.
Unknown command.
Unknown command.
Unknown command.
MOVING TO (6,1) Unknown command.
Unknown command.
Unknown command.
MOVING TO (5,1)
The jackal bites you.
You die...

.#. ..(. .... .
#.. ... ... ....
#.# # #... #.# ..#
#..#####.###...?..
#(((h.K.hK........
#.####...###......
#........# ...
########...# #
######.# #...#
#......# #.###
##.###.######.#
#............#
##..##.######.#


You could see 2 jackals and a kobold.

Table legend:
 A = Turns spent in this place as a percentage of turns spent in the entire game.
 B = Non-inter-level travel turns spent in this place as a percentage of non-inter-level travel turns spent in the entire game.
 C = Inter-level travel turns spent in this place as a percentage of turns spent in this place.
 D = Turns resting spent in this place as a percentage of non-inter-level travel turns spent in this place.
 E = Turns spent auto-exploring this place as a percentage of non-inter-level travel turns spent in this place.
 F = Non-inter-level travel turns spent in this place divided by the number of levels of this place that you've seen.
                   A       B       C       D       E      F
               +-------+-------+-------+-------+-------+----------------------
         Total | 100.0 | 100.0 |   0.0 |   0.8 |   1.6 | 256.0
       Dungeon | 100.0 | 100.0 |   0.0 |   0.8 |   1.6 | 256.0
               +-------+-------+-------+-------+-------+----------------------

Table legend:
 A = Kills in this place as a percentage of kills in entire the game.
 B = Kills by you in this place as a percentage of kills by you in the entire game.
 C = Kills by friends in this place as a percentage of kills by friends in the entire game.
 D = Other kills in this place as a percentage of other kills in the entire game.
 E = Experience gained in this place as a percentage of experience gained in the entire game.
 F = Experience gained in this place divided by the number of levels of this place that you have seen.
                   A       B       C       D       E      F
               +-------+-------+-------+-------+-------+----------------------
         Total | 100.0 | 100.0 |  -nan |  -nan | 100.0 |   3.0
       Dungeon | 100.0 | 100.0 |  -nan |  -nan | 100.0 |   3.0
               +-------+-------+-------+-------+-------+----------------------

Vanquished Creatures
  2 jackals (D:1)
  A rat (D:1)
3 creatures vanquished.

Notes
Turn   | Place    | Note
--------------------------------------------------------------
     0 | D:1      | gw, the Kobold Earth Elementalist, began the quest for the Orb.
     0 | D:1      | Reached XP level 1. HP: 10/10 MP: 3/3
   118 | D:1      | Slain by a jackal

Action                   || total
-------------------------++-------
Throw: Stone             ||    23
 Cast: Sandblast         ||     5

Vault maps used:
D:1:      sevenhm_arrival_forest_fort_small_3
